 Dungeon Crawl Stone Soup version 0.21.1-1-g345015f (webtiles) character file.

119 tidbits the Charmwright (level 5, -3/43 HPs)
             Began as a Gnoll Skald on June 29, 2018.
             Slain by an iguana (7 damage)
             ... on level 5 of the Dungeon.
             The game lasted 00:05:11 (521 turns).

tidbits the Charmwright (Gnoll Skald)                Turns: 521, Time: 00:05:12

Health: -3/43      AC:  6    Str: 13    XL:     5   Next: 3%
Magic:  7/12       EV: 14    Int: 17    God:
Gold:   5          SH:  0    Dex: 14    Spells: 3/14 levels left

rFire    . . .     SeeInvis .   a - -2 war axe (curse)
rCold    . . .     Gourm    .   (no shield)
rNeg     . . .     Faith    .   b - +0 leather armour
rPois    .         Spirit   .   (no helmet)
rElec    .         Reflect  .   C - +2 cloak
rCorr    .         Harm     .   (no gloves)
MR       .....                  (no boots)
Stlth    ++........             (no amulet)
HPRegen  0.14/turn              (no ring)
MPRegen  0.13/turn              (no ring)

@: singing
A: distributed training, fangs 1, strong nose
a: no special abilities


You were on level 5 of the Dungeon.
You were not hungry.

You visited 1 branch of the dungeon, and saw 5 of its levels.

You collected 5 gold pieces.

Inventory:

Hand Weapons
 a - a cursed -2 war axe (weapon)
 e - a +0 dagger
 n - a +0 hand axe
Armour
 b - a +0 leather armour (worn)
 C - a +2 cloak (worn)
Scrolls
 f - a scroll of remove curse {unknown}
 h - a scroll of identify {unknown}
 j - a scroll of amnesia {unknown}
 m - a scroll of teleportation {unknown}
 o - a scroll of magic mapping {unknown}
 p - a scroll of blinking {unknown}
 q - a scroll of immolation {unknown}
Potions
 g - a potion of ambrosia {unknown}
 i - a potion of curing {unknown}
 k - a potion of cancellation {unknown}
 l - a potion of might {unknown}
 r - a potion of mutation {unknown}
Books
 c - a book of Battle

   Spells                             Type                      Level
   a - Infusion                       Charms                       1
   b - Shroud of Golubria             Charms/Translocation         2
   c - Song of Slaying                Charms                       2
   d - Spectral Weapon                Hexes/Charms                 3
   e - Regeneration                   Charms/Necromancy            3
Comestibles
 d - 4 rations


   Skills:
 + Level 4.7 Fighting
 + Level 1.3 Short Blades
 + Level 1.3 Long Blades
 + Level 4.7 Axes
 + Level 1.3 Maces & Flails
 + Level 1.3 Polearms
 + Level 1.3 Staves
 + Level 1.3 Slings
 + Level 1.3 Bows
 + Level 1.3 Crossbows
 + Level 1.3 Throwing
 + Level 2.8 Armour
 + Level 4.7 Dodging
 + Level 1.3 Stealth
 + Level 1.3 Shields
 + Level 1.3 Unarmed Combat
 + Level 5.1 Spellcasting
 + Level 1.0 Conjurations
 + Level 1.0 Hexes
 + Level 5.5 Charms
 + Level 1.0 Summonings
 + Level 1.0 Necromancy
 + Level 1.0 Translocations
 + Level 1.0 Transmutations
 + Level 1.0 Fire Magic
 + Level 1.0 Ice Magic
 + Level 1.0 Air Magic
 + Level 1.0 Earth Magic
 + Level 1.0 Poison Magic
 + Level 1.4 Invocations
 + Level 1.3 Evocations


You had 3 spell levels left.
You knew the following spells:

 Your Spells              Type           Power        Failure   Level  Hunger
g - Shroud of Golubria    Chrm/Tloc      ###.......   7%          2    #......
i - Infusion              Chrm           ###.         1%          1    None
r - Regeneration          Chrm/Necr      ###.......   14%         3    ###....
w - Spectral Weapon       Hex/Chrm       ###.....     14%         3    ###....
y - Song of Slaying       Chrm           ###.....     2%          2    #......


Dungeon Overview and Level Annotations

Branches:
Dungeon (5/15)
 Temple: D:4-7

Altars:
Gozag
Qazlal
Yredelemnul

Annotations:
D:3 infcreate's ghost, novice DECj


Innate Abilities, Weirdness & Mutations

Your experience applies equally to all skills.
You have very sharp teeth.
Your uncanny sense of smell can sniff out nearby items.


Message History

Found 4 gold pieces.
The hobgoblin shouts!
The hobgoblin moves out of view.
There is a stone staircase leading down here.
You climb downwards.
There is a stone staircase leading up here.
Unknown command.
Found a stone staircase leading down.
There is a stone staircase leading down here.
Okay, then.
You climb downwards.
You hear the hiss of flowing sand.
There is an entrance to an ossuary on this level.
Hurry and find it before the portal is buried!
An iguana comes into view.
Found 7 gold pieces.
There is a stone staircase leading up here.
An orc priest comes into view. It is wielding a club.
An orc wizard comes into view. It is wielding a dagger.
Casting: Spectral Weapon
Confirm with . or Enter, or press ? or * to list all spells.
You start singing a song of slaying.
You hear a shout! x3
An orc comes into view. It is wielding a flail.
Casting: Song of Slaying
Confirm with . or Enter, or press ? or * to list all spells.
You draw out your weapon's spirit!
An orc wizard comes into view. It is wielding a dagger.
Something shouts, "Scamper away, thou qualling milk-livered reprobate!"
An orc priest opens the door.
The orc wizard moves out of view.
Found a mace.
You hear a shout! x2
The orc throws a tomahawk.
The tomahawk barely misses you.
The orc wizard gestures at you while chanting.
You resist with some effort.
Unknown command.
You closely miss the orc wizard. You closely miss the orc priest.
You slash the iguana!
You hear a howl!
Your spectral weapon barely misses the orc wizard.
Your spectral weapon closely misses the iguana.
The orc throws a tomahawk.
The tomahawk hits you but does no damage.
The orc priest closely misses you. The iguana bites you!
The orc wizard gestures wildly while chanting.
The orc wizard blinks!
The orc wizard hits you but does no damage.
The orc throws a tomahawk.
The tomahawk barely misses you.
The tomahawk hits the iguana but does no damage.
A crimson imp and a shadow imp come into view.
You hit the orc priest.
The orc priest is moderately wounded.
You completely miss the iguana.
You hit the orc wizard but do no damage.
Your spectral weapon hits the orc priest.
Your spectral weapon hits the orc wizard but does no damage.
The orc priest closely misses your spectral weapon.
The iguana closely misses you. The orc wizard hits you with a dagger.
The orc throws a tomahawk.
The tomahawk barely misses your spectral weapon.
The tomahawk barely misses you.
The tomahawk hits the iguana.
The shadow imp moves out of view.
The orc priest hits you with a club.
* * * LOW HITPOINT WARNING * * *
The iguana misses you.
Unknown command.
You hit the orc priest but do no damage.
The orc priest is severely wounded.
You slash the iguana! You barely miss the orc wizard.
Your spectral weapon barely misses the orc priest.
Your spectral weapon hits the orc wizard!
The orc wizard gestures wildly while chanting.
The orc wizard blinks!
The orc wizard casts a spell at you. The magic dart hits you!
* * * LOW HITPOINT WARNING * * *
The iguana bites you!
* * * LOW HITPOINT WARNING * * *
The orc priest hits you with a club.
* * * LOW HITPOINT WARNING * * *
A crimson imp comes into view.
You hit the orc priest but do no damage.
The orc priest is severely wounded.
You barely miss the iguana. You closely miss the orc wizard.
Your spectral weapon hits the orc priest!
You kill the orc priest!
Your Conjurations skill increases to level 1!
Your Hexes skill increases to level 1!
Your Summonings skill increases to level 1!
Your Necromancy skill increases to level 1!
Your Translocations skill increases to level 1!
Your Transmutations skill increases to level 1!
Your Fire Magic skill increases to level 1!
Your Ice Magic skill increases to level 1!
Your Air Magic skill increases to level 1!
Your Earth Magic skill increases to level 1!
Your Poison Magic skill increases to level 1!
You have reached level 5!
Your spectral weapon hits the orc wizard.
The orc wizard hits you but does no damage.
The crimson imp blinks!
The iguana bites you!
You die...

#........#
#........#.#
#..$.....#)#
∆
#........#.#
#........#.##
######......#
#......#
#(.l.o.#
#...@(o#
#####)#.5..#
§..#..# §..#
.# ...# ...#
...# ...#


You could see an iguana, an orc wizard, a shadow imp, an orc and a friendly
spectral enchanted war axe.

Vanquished Creatures
  2 orc priests
  The ghost of dscm the Digger, a weakling OpEE (D:4)
  An adder (D:2)
  A worm (D:4)
  2 leopard geckos (D:1)
  5 orcs (D:4)
  A giant cockroach (D:3)
  3 goblins
  3 hobgoblins (D:3)
  4 jackals (D:3)
  3 kobolds
  A quokka (D:2)
  A bat (D:3)
  A rat (D:1)
29 creatures vanquished.

Notes
Turn   | Place    | Note
-------+----------+-------------------------------------------
     0 | D:1      | tidbits the Gnoll Skald began the quest for the Orb.
     0 | D:1      | Reached XP level 1. HP: 20/20 MP: 6/6
     7 | D:1      | Noticed a swamp drake
     7 | D:1      | Noticed a komodo dragon
     7 | D:1      | Noticed a polar bear
     7 | D:1      | Noticed a wolf
     7 | D:1      | Noticed a water moccasin
    73 | D:1      | Reached XP level 2. HP: 17/26 MP: 3/7
    77 | D:1      | Learned a level 2 spell: Song of Slaying
    80 | D:1      | Learned a level 2 spell: Shroud of Golubria
   177 | D:2      | Found a stormy altar of Qazlal.
   193 | D:2      | Found a basalt altar of Yredelemnul.
   217 | D:3      | Noticed infcreate's ghost (novice DECj)
   238 | D:2      | You fall through a shaft for 2 floors!
   254 | D:3      | Reached XP level 3. HP: 31/31 MP: 6/9
   283 | D:3      | Learned a level 3 spell: Regeneration
   287 | D:3      | Learned a level 3 spell: Spectral Weapon
   314 | D:4      | Noticed dscm's ghost (weakling OpEE)
   316 | D:4      | Reached skill level 5 in Spellcasting
   316 | D:4      | Reached skill level 1 in Invocations
   321 | D:4      | Reached skill level 1 in Short Blades
   321 | D:4      | Reached skill level 1 in Long Blades
   321 | D:4      | Reached skill level 1 in Maces & Flails
   321 | D:4      | Reached skill level 1 in Polearms
   321 | D:4      | Reached skill level 1 in Staves
   321 | D:4      | Reached skill level 1 in Slings
   321 | D:4      | Reached skill level 1 in Bows
   321 | D:4      | Reached skill level 1 in Crossbows
   321 | D:4      | Reached skill level 1 in Throwing
   321 | D:4      | Reached skill level 1 in Stealth
   321 | D:4      | Reached skill level 1 in Shields
   321 | D:4      | Reached skill level 1 in Unarmed Combat
   321 | D:4      | Reached skill level 1 in Evocations
   329 | D:4      | Killed dscm's ghost
   329 | D:4      | Reached XP level 4. HP: 28/38 MP: 1/11
   450 | D:3      | Found an opulent altar of Gozag.
   504 | D:5      | Entered Level 5 of the Dungeon
   520 | D:5      | HP: 3/38 [orc priest/club (3)]
   521 | D:5      | Reached skill level 1 in Conjurations
   521 | D:5      | Reached skill level 1 in Hexes
   521 | D:5      | Reached skill level 1 in Summonings
   521 | D:5      | Reached skill level 1 in Necromancy
   521 | D:5      | Reached skill level 1 in Translocations
   521 | D:5      | Reached skill level 1 in Transmutations
   521 | D:5      | Reached skill level 1 in Fire Magic
   521 | D:5      | Reached skill level 1 in Ice Magic
   521 | D:5      | Reached skill level 1 in Air Magic
   521 | D:5      | Reached skill level 1 in Earth Magic
   521 | D:5      | Reached skill level 1 in Poison Magic
   521 | D:5      | Reached XP level 5. HP: 4/43 MP: 7/12
   521 | D:5      | Slain by an iguana

Skill      XL: |  1  2  3  4 |
---------------+-------------+-----
Spellcasting   | 5 |  5.1
Invocations    | 1 |  1.4
Short Blades   | 1 |  1.3
Long Blades    | 1 |  1.3
Maces & Flails | 1 |  1.3
Polearms       | 1 |  1.3
Staves         | 1 |  1.3
Slings         | 1 |  1.3
Bows           | 1 |  1.3
Crossbows      | 1 |  1.3
Throwing       | 1 |  1.3
Stealth        | 1 |  1.3
Shields        | 1 |  1.3
Unarmed Combat | 1 |  1.3
Evocations     | 1 |  1.3
Conjurations   | 1 |  1.0
Hexes          | 1 |  1.0
Summonings     | 1 |  1.0
Necromancy     | 1 |  1.0
Translocations | 1 |  1.0
Transmutations | 1 |  1.0
Fire Magic     | 1 |  1.0
Ice Magic      | 1 |  1.0
Air Magic      | 1 |  1.0
Earth Magic    | 1 |  1.0
Poison Magic   | 1 |  1.0
Fighting       | |  4.7
Axes           | |  4.7
Armour         | |  2.8
Dodging        | |  4.7
Charms         | |  5.5

Action                   |  1- 3 |  4- 6 || total
-------------------------+-------+-------++-------
Melee: Hand axe          |    42 |     9 ||    51
       Bite              |     8 |     3 ||    11
       War axe           |       |    23 ||    23
 Cast: Infusion          |     3 |       ||     3
       Song of Slaying   |     3 |     1 ||     4
       Spectral Weapon   |     2 |     4 ||     6
       Shroud of Golubri |     1 |       ||     1
Armor: Leather armour    |    10 |    13 ||    23
Dodge: Dodged            |    34 |    32 ||    66

Table legend:
 A = Turns spent in this place as a percentage of turns spent in the entire game.
 B = Non-inter-level travel turns spent in this place as a percentage of non-inter-level travel turns spent in the entire game.
 C = Inter-level travel turns spent in this place as a percentage of turns spent in this place.
 D = Turns resting spent in this place as a percentage of non-inter-level travel turns spent in this place.
 E = Turns spent auto-exploring this place as a percentage of non-inter-level travel turns spent in this place.
 F = Non-inter-level travel turns spent in this place divided by the number of levels of this place that you've seen.
                   A       B       C       D       E      F
               +-------+-------+-------+-------+-------+----------------------
         Total | 100.0 | 100.0 |   0.0 |   0.0 |   0.0 | 104.2
       Dungeon | 100.0 | 100.0 |   0.0 |   0.0 |   0.0 | 104.2
               +-------+-------+-------+-------+-------+----------------------

Table legend:
 A = Kills in this place as a percentage of kills in entire the game.
 B = Kills by you in this place as a percentage of kills by you in the entire game.
 C = Kills by friends in this place as a percentage of kills by friends in the entire game.
 D = Other kills in this place as a percentage of other kills in the entire game.
 E = Experience gained in this place as a percentage of experience gained in the entire game.
 F = Experience gained in this place divided by the number of levels of this place that you have seen.
                   A       B       C       D       E      F
               +-------+-------+-------+-------+-------+----------------------
         Total | 100.0 | 100.0 |   N/A |   N/A | 100.0 |  34.0
       Dungeon | 100.0 | 100.0 |   N/A |   N/A | 100.0 |  34.0
               +-------+-------+-------+-------+-------+----------------------

Vault maps used:
D:1:      onia_arrival_zoo_common
D:2:      grunt_temple_overflow_open, serial_forest,
          infiniplex_forest_lined_corner, infiniplex_forest_lined_2,
          infiniplex_forest_lined_3, infiniplex_forest_clump_curved,
          infiniplex_forest_lined_2, infiniplex_forest_side_room,
          infiniplex_forest_lined_3, infiniplex_forest_clump_medium,
          infiniplex_forest_clump_long, infiniplex_forest_clump_medium
D:3:      lemuel_crystal_altar, first_ration, uniq_crazy_yiuf_cottage
D:4:      kennysheep_mini, uniq_eustachio, uniq_sigmund
D:5:      nicolae_ossuary_entry_plus
